 Dungeon Crawl Stone Soup version 0.32-a0-120-gfac0567ad4 (webtiles) character file.

Game seed: 17096149814282712556

143 zeratav the Trooper (level 5, 0/57 HPs)
             Began as an Oni Warper on Feb 6, 2024.
             Slain by Sigmund
             ... wielding a +0 scythe
              (4 damage)
             ... on level 3 of the Dungeon.
             The game lasted 00:05:20 (2369 turns).

zeratav the Trooper (Oni Warper)                    Turns: 2369, Time: 00:05:21

Health: 0/57       AC:  3    Str: 17    XL:     5   Next: 25%
Magic:  17/17      EV:  9    Int: 14    God:
Gold:   103        SH:  0    Dex:  8    Spells: 6/8 levels left

rFire   . . .        k - +5 mace "Kisyfeq" {heavy, ^Contam rPois MP+9, mace}
rCold   . . .        (no shield)
rNeg    + . .        b - +0 robe
rPois   +            (helmet restricted)
rElec   .            (no cloak)
rCorr   .            (gloves unavailable)
SInv    .            (boots unavailable)
Will    .....        (no amulet)
Stlth   +            f - ring of positive energy
HPRegen 0.29/turn    (no ring)
MPRegen 0.15/turn

%: no passive effects
@: no status effects
A: large, unfitting armour, horns 1, tough skin 1, double potion healing,
drunken brawling
a: no special abilities


You were on level 3 of the Dungeon.
You visited 1 branch of the dungeon, and saw 3 of its levels.

You collected 103 gold pieces.


Innate Abilities, Weirdness & Mutations

You are too large for most types of armour.
You have a pair of small horns on your head.
You have tough skin. (AC +1)
You gain doubled healing and magic from potions.
Whenever you drink a healing potion, you attack all around you.


   Skills:
 + Level 5.2 Fighting
 + Level 4.0 Maces & Flails
 - Level 1.0 Throwing
 - Level 2.1 Dodging
 - Level 2.4 Spellcasting
 - Level 2.6 Translocations


You had 6 spell levels left.
You knew the following spells:

 Your Spells              Type           Power      Damage    Failure   Level
a - Blink                 Tloc           18%        N/A       12%         2

Your spell library contained the following spells:

 Spells                   Type           Power      Damage    Failure   Level
 Lesser Beckoning         Tloc           18%        N/A       12%         2
 Shock                    Conj/Air       4%         1d3       22%         1
 Teleport Other           Tloc           9%         N/A       22%         3
 Swiftness                Air            1%         N/A       56%         3
 Manifold Assault         Tloc           9%         N/A       58%         4
 Vhi's Electric Charge    Tloc/Air       10%        N/A       78%         4
 Airstrike                Air            0%         2d(1-17)  92%         4

Inventory:

Hand Weapons
 a - a +0 mace {mace}
 k - the +5 mace "Kisyfeq" (weapon) {heavy, ^Contam rPois MP+9, mace}
   (You found it on level 2 of the Dungeon)

   rPois:     It protects you from poison MP+9: It affects your magic capacity
   (+9).
   ^Contam:   It causes magical contamination when unequipped.
 r - a +4 club {mace}
   (You took it off Ijyb on level 3 of the Dungeon)
Missiles
 d - 9 darts of dispersal (quivered) {=fthrowing}
 m - 6 stones {throwing}
Armour
 b - a +0 robe (worn)
Jewellery
 f - a ring of positive energy (left hand)
   (You found it on level 1 of the Dungeon)
 i - a ring of ice
   (You found it on level 2 of the Dungeon)
Talismans
 o - a maw talisman
   (You found it on level 3 of the Dungeon)
Wands
 q - a wand of polymorph (5)
   (You took it off Ijyb on level 3 of the Dungeon)
Scrolls
 c - a scroll of blinking {!r}
 g - a scroll of teleportation {unknown}
 h - 3 scrolls of identify {unknown}
 j - a scroll of silence {unknown}
 l - a scroll of amnesia {unknown}
Potions
 e - a potion of haste {unknown}
 n - 2 potions of berserk rage {unknown}
 p - a potion of brilliance {unknown}

Dungeon Overview and Level Annotations

Branches:
Dungeon (3/15) Zot: 15565

Altars:
Gozag
Hepliaklqana

Annotations:
D:3 Sigmund

...#.#.# #.# .###.#.#####.#
.....#.##....# ### ###
+#####.##.##.# #.. ..# ..##
#.......# #.# #.#
...######.#### #.# #.## ....##
#..##### #.###..##
.....####......####.......####
.....'..........@.....)......+
.....####......###.##.....###
....## ##.##.## #.###.#..#
...## ####.# #.# #.##.# ..##
#.# #.###.##.# '## #.#
#h.......# .# #.# #####h####
.# #.# #.# .########## #.#
#h#######.$$


There were no monsters in sight!


Message History

A quokka comes into view.
A jackal comes into view.
The jackal barks!
You bludgeon the jackal!!
You kill the jackal!
The adder bites you.
HP[-1]
You take 1 damage, and now have 56/57 hp.
You barely miss the adder.
The adder bites you but does no damage. x2
You barely miss the adder. Your headbutt misses the adder.
Your punch misses the adder. The adder bites you but does no damage.
The adder bites you.
Sigmund the Dreaded comes into view.
He is wielding a +0 scythe.
The adder barely misses you.
HP[-1]
You take 1 damage, and now have 55/57 hp.
The adder attacks as it pursues you! The adder closely misses you.
The adder bites you.
You are poisoned.
The adder poisons you!
You see here a +0 plate armour.
HP[-3]
You take 3 damage, and now have 52/57 hp.
You feel sick.
HP[-1]
You take 1 damage, and now have 51/57 hp.
You feel sick.
HP[-1]
You take 1 damage, and now have 50/57 hp.
You feel sick.
Sigmund shouts!
HP[-1]
You take 1 damage, and now have 49/57 hp.
You feel sick. The adder bites you.
HP[-4]
You take 4 damage, and now have 45/57 hp.
You feel sick.
You are no longer poisoned.
The adder barely misses you.
Casting: Blink (safe; 12% risk of failure)
Confirm with . or Enter, or press ? or * to list all spells.
You blink.
HP[+1] MP[-2]
You lost 2 mp, and now have 15/17 mp.
Sigmund gestures wildly while chanting.
Sigmund flickers and vanishes!
Deactivating autopickup; reactivate with Ctrl-A.
The adder attacks as it pursues you! The adder bites you.
HP[-2]
You take 2 damage, and now have 44/57 hp.
You miss the adder. Your headbutt misses the adder.
The adder bites you but does no damage. The adder bites you.
HP[-4] MP[+1]
You take 4 damage, and now have 40/57 hp.
You closely miss the adder. Your headbutt misses the adder.
You feel ready to blink again.
The adder bites you. x2; The adder barely misses you.
HP[-2]
You take 2 damage, and now have 38/57 hp.
You sock the adder!
You kill the adder!
The jackal barely misses you. Something hits you!
The jackal bites you but does no damage.
Your Maces & Flails skill increases to level 4!
HP[-9]
You take 9 damage, and now have 29/57 hp.
HP[+1]
The jackal bites you.
HP[-1]
You take 1 damage, and now have 29/57 hp.
MP[+1]
Your mp is fully restored (17).
The jackal bites you.
* * * LOW HITPOINT WARNING * * *
HP[-2]
You take 2 damage, and now have 27/57 hp.
The jackal attacks as it pursues you!
The jackal bites you but does no damage.
The jackal bites you.
* * * LOW HITPOINT WARNING * * *
HP[-1]
You take 1 damage, and now have 26/57 hp.
HP[+1]
You hit the jackal. The jackal closely misses you. The jackal bites you.
* * * LOW HITPOINT WARNING * * *
Something hits you!
* * * LOW HITPOINT WARNING * * *
HP[-14]
You take 14 damage, and now have 13/57 hp.
MASSIVE DAMAGE!! (PAUSE)
You closely miss the jackal.
The jackal bites you but does no damage.
The jackal barely misses you. Something hits you!
* * * LOW HITPOINT WARNING * * *
The jackal misses you.
HP[-9]
You take 9 damage, and now have 4/57 hp.
You sock the jackal!
You kill the jackal!
Something hits you.
You die...

Skill      XL: |  1  2  3  4  5 |
---------------+----------------+-----
Fighting       | 3 4 5 |  5.2
Maces & Flails | 3 4 |  4.0
Throwing       | |  1.0
Dodging        | |  2.1
Spellcasting   | |  2.4
Translocations | |  2.6

Action                     |  1- 3 |  4- 6 || total
---------------------------+-------+-------++-------
  Melee: Mace              |   104 |    39 ||   143
         Headbutt          |    14 |     2 ||    16
         Punch             |     7 |     1 ||     8
         Unarmed           |       |     5 ||     5
   Cast: Blink             |       |     1 ||     1
 Armour: Robe              |    66 |    49 ||   115
         Skin              |       |     2 ||     2
  Dodge: Dodged            |    73 |    28 ||   101

Levels and vault maps discovered:
D:1:      lemuel_arrival_broad_hall, layout_basic, minmay_tree_intersection,
          hex_large
D:2:      layout_basic, uniq_jessica
D:3:      layout_loops_corners, nicolae_gozag_seed_capital, marbit_many_paths,
          mainiacjoe_overflow_alcove_1, uniq_sigmund, uniq_grinder, uniq_ijyb,
          uniq_crazy_yiuf_cottage

Notes
Turn   | Place    | Note
-------+----------+-------------------------------------------
     0 | D:1      | zeratav the Oni Warper began the quest for the Orb.
     0 | D:1      | Reached XP level 1. HP: 22/22 MP: 3/3
     0 | D:1      | magus.rc [v1.9.6]
   158 | D:1      | Reached skill level 3 in Fighting
   238 | D:1      | Reached XP level 2. HP: 21/31 MP: 5/5
   493 | D:1      | Reached XP level 3. HP: 25/39 MP: 6/6
   578 | D:1      | You pick up a book of Air and begin reading...
   578 | D:1      | You add the spells Shock, Swiftness and Airstrike to your
                  | library.
   618 | D:1      | Learned a level 2 spell: Blink
   904 | D:2      | Reached skill level 4 in Fighting
   906 | D:2      | Reached skill level 3 in Maces & Flails
  1094 | D:2      | Identified the +5 mace "Kisyfeq" {heavy, ^Contam rPois
                  | MP+9}
  1246 | D:2      | Reached XP level 4. HP: 45/49 MP: 7/7
  1449 | D:2      | Noticed Jessica
  1453 | D:2      | Killed Jessica
  1939 | D:3      | Found a hazy altar of Hepliaklqana.
  2209 | D:3      | Noticed Ijyb
  2217 | D:3      | Killed Ijyb
  2218 | D:3      | Reached skill level 5 in Fighting
  2218 | D:3      | Reached XP level 5. HP: 42/57 MP: 8/8
  2334 | D:3      | Found an opulent altar of Gozag.
  2341 | D:3      | Noticed Sigmund
  2359 | D:3      | Reached skill level 4 in Maces & Flails
  2367 | D:3      | HP: 13/57 [something (11)]
  2368 | D:3      | HP: 4/57 [something (10)]
  2369 | D:3      | Slain by Sigmund

Vanquished Creatures
  Jessica (D:2)
  Ijyb (D:3)
  3 adders
  2 dart slugs (D:1)
  11 endoplasms
  5 giant cockroaches
  7 goblins
  4 hobgoblins
  5 jackals
  3 quokkas (D:1)
  2 ball pythons
  A bat (D:3)
  2 frilled lizards
  4 kobolds
  5 rats
56 creatures vanquished.

Table legend:
 A = Non-vault XP
 B = Vault XP
 C = Vault XP percentage of total XP
 D = Non-vault monster count
 E = Vault monster count
 F = Vault count percentage of total count
                 A         B        C        D         E       F
            +---------+---------+-------+---------+---------+-------
      Total |     134 |      73 |  35.3 |      54 |       2 |   3.6
            +---------+---------+-------+---------+---------+-------
        D:1 |      50 |       0 |   0.0 |      25 |       0 |   0.0
        D:2 |      40 |      37 |  48.1 |      16 |       1 |   5.9
        D:3 |      44 |      36 |  45.0 |      13 |       1 |   7.1
            +---------+---------+-------+---------+---------+-------

Skill      XL: |  1  2  3  4  5 |
---------------+----------------+-----
Fighting       | 3 4 5 |  5.2
Maces & Flails | 3 4 |  4.0
Throwing       | |  1.0
Dodging        | |  2.1
Spellcasting   | |  2.4
Translocations | |  2.6

Action                     |  1- 3 |  4- 6 || total
---------------------------+-------+-------++-------
  Melee: Mace              |   104 |    39 ||   143
         Headbutt          |    14 |     2 ||    16
         Punch             |     7 |     1 ||     8
         Unarmed           |       |     5 ||     5
   Cast: Blink             |       |     1 ||     1
 Armour: Robe              |    66 |    49 ||   115
         Skin              |       |     2 ||     2
  Dodge: Dodged            |    73 |    28 ||   101

Illustrated notes

Table legend:
 A = Kills in this place as a percentage of kills in the entire game.
 B = Kills by you in this place as a percentage of kills by you in the entire game.
 C = Kills by friends in this place as a percentage of kills by friends in the entire game.
 D = Other kills in this place as a percentage of other kills in the entire game.
 E = Experience gained in this place as a percentage of experience gained in the entire game.
 F = Experience gained in this place divided by the number of levels of this place that you have seen.
                   A       B       C       D       E      F
               +-------+-------+-------+-------+-------+----------------------
         Total | 100.0 | 100.0 |   N/A |   N/A | 100.0 |  69.0
       Dungeon | 100.0 | 100.0 |   N/A |   N/A | 100.0 |  69.0
               +-------+-------+-------+-------+-------+----------------------

Table legend: (Time is in decaauts)
 A = Elapsed time spent in this place.
 B = Non-inter-level travel time spent in this place.
 C = Inter-level travel time spent in this place.
 D = Time resting spent in this place.
 E = Time spent auto-exploring this place.
 F = Levels seen in this place.
 G = Mean time per level.
                   A        B        C        D        E       F      G
               +--------+--------+--------+--------+--------+-----+--------+
         Total |   2432 |   2399 |     33 |    100 |   1893 |   3 |  810.7 |
       Dungeon |   2432 |   2399 |     33 |    100 |   1893 |   3 |  810.7 |
               +--------+--------+--------+--------+--------+-----+--------+

Top non-repeatable levels by time:
     D:2: 953 daAuts
     D:1: 921 daAuts
     D:3: 557 daAuts
